 Dungeon Crawl Stone Soup version 0.25-a0-404-gc1b5a34292 (webtiles) character file.

Game seed: 189430208015540073, levelgen mode: deterministic

91 OlivierWah the Skirmisher (level 4, -5/30 HPs)
             Began as a Gargoyle Monk on Jan 10, 2020.
             Killed by divine providence
             ... invoked by an orc priest
              (15 damage)
             ... on level 3 of the Dungeon on Jan 11, 2020.
             The game lasted 00:06:54 (2784 turns).

OlivierWah the Skirmisher (Gargoyle Monk)           Turns: 2784, Time: 00:06:55

Health: -5/30      AC: 11    Str: 14 (15) XL:     4   Next: 59%
Magic:  4/4        EV:  6    Int:  8 (10) God:
Gold:   112        SH:  0    Dex: 12 (13) Spells: 3/3 levels left

rFire    . . .     SeeInvis .     - Unarmed
rCold    . . .     Gourm    .   (no shield)
rNeg     + . .     Faith    .   f - +0 chain mail
rPois    ∞         Spirit   .   (no helmet)
rElec    +         Reflect  .   (no cloak)
rCorr    .         Harm     .   (no gloves)
MR       .....                  (no boots)
Stlth    ..........             (no amulet)
HPRegen  0.10/turn              (no ring)
MPRegen  0.09/turn              (no ring)

@: about to teleport, flying
A: negative energy resistance 1, electricity resistance, unbreathing,
petrification resistance, rot immunity, AC +3
a: no special abilities


You were on level 3 of the Dungeon.
You were not hungry.

You visited 1 branch of the dungeon, and saw 3 of its levels.

You collected 112 gold pieces.

Inventory:

Armour
 a - a +0 robe
 f - a +0 chain mail (worn)
Scrolls
 e - a scroll of identify {unknown}
Comestibles
 b - 2 rations
 c - 7 chunks of flesh


   Skills:
 + Level 4.5 Fighting
 - Level 2.4 Dodging
 - Level 2.2 Stealth
 - Level 4.3 Unarmed Combat


You had 3 spell levels left.
You didn't know any spells.
Your spell library was empty.

Dungeon Overview and Level Annotations

Branches:
Dungeon (3/15)

Altars:


Innate Abilities, Weirdness & Mutations

You are resistant to torment.
Your stone body is resilient. (AC +3)
You are immune to poison.
You resist negative energy. (rN+)
You are resistant to electric shocks. (rElec)
You can survive without breathing.
You are immune to petrification.
You are immune to rotting.


Message History

The boomerang hits you but does no damage.
The weapon returns to the orc!
The orc priest closely misses you.
As you read the scroll of teleportation, it crumbles to dust.
You feel strangely unstable.
The orc throws a boomerang.
The boomerang hits you but does no damage.
The weapon returns to the orc!
The orc priest barely misses you.
You punch the orc priest!
The orc priest is almost dead.
The orc throws a boomerang.
The boomerang barely misses you.
You hit the orc priest but do no damage.
The orc priest is almost dead.
The orc priest hits you but does no damage.
The orc throws a boomerang.
The boomerang barely misses you.
The weapon returns to the orc!
You closely miss the orc priest.
The orc priest is almost dead.
The orc priest calls down the wrath of Beogh upon you.
Beogh smites you!
Ouch! That really hurt!
You die...

##.#. ##>.# ......
#.... .o.o.. #
##.#... ......###.#
##.#...
........#.#.
#......
........b... ...
..# ......o<# #.#
#o# ....S...# #.#
#@# ..!..o..# #.#
#.# ##...##.#
#.#####.###.# #...
#.# #..........o#..
##. #.#
#####..............
(.# #.#.###...#.###
### #.#.# #.....#
#.#.###.#.#.#
##.#.........#


You could see an orc priest and an orc.

Vanquished Creatures
  2 adders (D:2)
  2 worms (D:2)
  4 dart slugs
  A leopard gecko (D:2)
  8 orcs
  A ball python (D:1)
  2 giant cockroaches
  5 goblins
  3 hobgoblins
  5 kobolds
  A quokka (D:2)
  6 bats
  4 frilled lizards
  6 rats
50 creatures vanquished.

Notes
Turn   | Place    | Note
-------+----------+-------------------------------------------
     0 | D:1      | OlivierWah the Gargoyle Monk began the quest for the Orb.
     0 | D:1      | Reached XP level 1. HP: 14/14 MP: 1/1
   299 | D:1      | Reached XP level 2. HP: 16/19 MP: 2/2
  1092 | D:2      | Reached XP level 3. HP: 19/23 MP: 3/3
  1348 | D:2      | Reached XP level 4. HP: 9/29 MP: 4/4
  2784 | D:3      | Killed from afar by an orc priest

Levels and vault maps discovered:
D:1:      dpeg_arrival_castle, layout_basic, minmay_octomino_j4
D:2:      layout_basic, first_ration, chequers_hall_statues_wall_a
D:3:      layout_loops_ring, lemuel_crystal_altar

Skill      XL: |  1  2  3  4 |
---------------+-------------+-----
Unarmed Combat | 4 |  4.3
Fighting       | 4 |  4.5
Dodging        | |  2.4
Stealth        | |  2.2

Action                   |  1- 3 |  4- 6 || total
-------------------------+-------+-------++-------
Melee: Unarmed           |   127 |   103 ||   230
       Punch             |       |     3 ||     3
  Use: Scroll            |     2 |     1 ||     3
       Potion            |       |     8 ||     8
 Stab: Sleeping          |     7 |     3 ||    10
  Eat: Chunk             |     1 |     2 ||     3
       Ration            |       |     1 ||     1
Armor: Robe              |    35 |    27 ||    62
       Chain mail        |       |    46 ||    46
Dodge: Dodged            |    74 |    75 ||   149

Table legend:
 A = Non-vault XP
 B = Vault XP
 C = Vault XP percentage of total XP
 D = Non-vault monster count
 E = Vault monster count
 F = Vault count percentage of total count
                 A         B        C        D         E       F
            +---------+---------+-------+---------+---------+-------
      Total |     126 |       5 |   3.8 |      47 |       3 |   6.0
            +---------+---------+-------+---------+---------+-------
        D:1 |      18 |       5 |  21.7 |      10 |       3 |  23.1
        D:2 |     101 |       0 |   0.0 |      34 |       0 |   0.0
        D:3 |       7 |       0 |   0.0 |       3 |       0 |   0.0
            +---------+---------+-------+---------+---------+-------
